[Event "Late-Titled-Tuesday-Blitz-March-19-2024"]
[Site "Chess.com"]
[Date "2024.03.19"]
[Round "10"]
[White "Felix-Rose"]
[Black "AndreyNeves"]
[Result "0-1"]
[WhiteElo "2248"]
[BlackElo "2138"]
[TimeControl "180+1"]
[EndTime "15:51:30 PDT"]
[Termination "AndreyNeves won by resignation"]

1. e4 c6 2. d4 d5 3. e5 Bf5 4. h4 h6 5. g4 Bd7 6. Nc3 e6 7. f4 h5 8. gxh5 Nh6 9. Bd3 c5 10. Be3 c4 11. Be2 Nf5 12. Bf2 b5 13.
Bg4 b4 14. Nce2 Nc6 15. Bxf5 exf5 16. Ng3 Be6 17. Nf3 a5 18. Ng5 a4 19. Qf3 Qb6 20.
c3 a3 21. bxa3 Rxa3 22. O-O Rxc3 23. Qh1 Nxd4 24. Rfd1 Bc5 25. Rd2 Rxg3+ 0-1

[Event "Late-Titled-Tuesday-Blitz-March-19-2024"]
[Site "Chess.com"]
[Date "2024.03.19"]
[Round "10"]
[White "jaskol95"]
[Black "Alex_Banzea"]
[Result "1-0"]
[WhiteElo "2511"]
[BlackElo "2572"]
[TimeControl "180+1"]
[EndTime "15:51:39 PDT"]
[Termination "jaskol95 won by resignation"]

1. d4 Nf6 2. Nc3 d5 3. Bf4 g6 4. e3 Bg7 5. h4 h5 6. Nf3 O-O 7. Qd2 c5 8. Ne5 cxd4 9. exd4 Nc6 10. f3 Bf5 11. O-O-O Rc8 12. a3 Nxe5 13. Bxe5 a6 14. Bd3 Bxd3 15. Qxd3 Rc4 16. g4 hxg4 17. h5 gxf3 18.
hxg6 fxg6 19. Qxf3 Ne4 20. Qh3 Rf6 21. Nxe4 dxe4 1-0

[Event "Late-Titled-Tuesday-Blitz-March-19-2024"]
[Site "Chess.com"]
[Date "2024.03.19"]
[Round "10"]
[White "Heinza9"]
[Black "EternalNight8"]
[Result "0-1"]
[WhiteElo "2328"]
[BlackElo "2461"]
[TimeControl "180+1"]
[EndTime "15:51:40 PDT"]
[Termination "EternalNight8 won on time"]

1. c4 Nf6 2. Nc3 e6 3. e4 d5 4. e5 Nfd7 5. cxd5 exd5 6. d4 Nb6 7. Nf3 c5 8. Bg5 Be7 9. Bxe7 Qxe7 10. dxc5 Qxc5 11.
Bd3 O-O 12. h4 Nc6 13. Bxh7+ Kxh7 14. Ng5+ Kg8 15. Qh5 Bf5 16. O-O-O Nb4 17. Qf3 Nxa2+ 0-1

[Event "Late-Titled-Tuesday-Blitz-March-19-2024"]
[Site "Chess.com"]
[Date "2024.03.19"]
[Round "10"]
[White "MoldyTofu"]
[Black "TheMagician"]
[Result "0-1"]
[WhiteElo "2079"]
[BlackElo "2233"]
[TimeControl "180+1"]
[EndTime "15:51:52 PDT"]
[Termination "TheMagician won by resignation"]

1. b3 Nf6 2. Bb2 e6 3. e3 Be7 4. d4 O-O 5. Bd3 d5 6. Ne2 Nbd7 7.
O-O c5 8. c4 b6 9. cxd5 Nxd5 10. dxc5 Nxc5 11. Bc4 Bb7 12. Nbc3 Bf6 13. Rb1 Nxc3 14.
Nxc3 Ne4 15. Nxe4 Bxe4 16. Bxf6 Qxf6 17. Rc1 Rfd8 18. Qe2 Qg6 19. f3 Bd3 20. Bxd3 Qxd3 21. Rfe1 Qxe2 22. Rxe2 Rd7 23. Rec2 Kf8 24. Rc8+ Rxc8 25.
Rxc8+ Ke7 26. Rc2 f5 27. Kf2 e5 28. Ke2 Kd6 29. Rd2+ Kc6 30. Rxd7 Kxd7 31. Kd3 Kc6 32. Kc4 b5+ 33. Kb4 Kb6 34. a4 a5+ 35. Kc3 Kc5 36. h3 g6 37. g3 g5 38. h4 bxa4 39. bxa4 f4 40. exf4 exf4 41. gxf4 gxh4 42. f5 h3 43. f6 Kd6 0-1

[Event "Late-Titled-Tuesday-Blitz-March-19-2024"]
[Site "Chess.com"]
[Date "2024.03.19"]
[Round "10"]
[White "masnyszachistaaa"]
[Black "thesupera12"]
[Result "1-0"]
[WhiteElo "2571"]
[BlackElo "2447"]
[TimeControl "180+1"]
[EndTime "15:51:53 PDT"]
[Termination "masnyszachistaaa won by resignation"]

1. c4 d5 2. cxd5 Qxd5 3. Nc3 Qa5 4. d4 g6 5. e4 Bg7 6. Nf3 Nf6 7. Bd3 O-O 8. O-O Nc6 9. d5 Nb4 10. Bc4 c6 11. Bd2 cxd5 12. Nxd5 Nfxd5 13. Bxd5 Qc5 14. Rc1 Qb6 15. Bc4 Bg4 16. h3 Bxf3 17. Qxf3 Nc6 18. b3 Ne5 19. Qe2 Nxc4 20. Rxc4 Rfd8 21. Be3 Qa5 22.
Rfc1 b6 23. Rc7 e6 24. Qf3 Rf8 25.
a4 Qb4 26. Bg5 h6 27. Be7 Qd2 28. Bxf8 Rxf8 29. R7c2 Qd4 30. Rc8 Be5 31. Rxf8+ Kxf8 32. g3 Kg7 33. Kg2 Qb2 34. Rd1 h5 35. Rd7 Bf6 36. g4 hxg4 37. hxg4 a5 38. g5 1-0

[Event "Late-Titled-Tuesday-Blitz-March-19-2024"]
[Site "Chess.com"]
[Date "2024.03.19"]
[Round "10"]
[White "mbojan"]
[Black "dropstoneDP"]
[Result "1/2-1/2"]
[WhiteElo "2822"]
[BlackElo "2979"]
[TimeControl "180+1"]
[EndTime "15:51:56 PDT"]
[Termination "Game drawn by repetition"]

1. Nf3 Nf6 2. d4 d5 3. e3 c5 4. c4 cxd4 5. exd4 g6 6. Nc3 Bg7 7. Be2 O-O 8. O-O dxc4 9. Bxc4 Nc6 10. Be3 Bg4 11. h3 Bxf3 12. Qxf3 Nxd4 13. Qxb7 Nc2 14.
Rad1 Qc8 15. Qxc8 Raxc8 16. b3 Nxe3 17. fxe3 Rfd8 18. Rxd8+ Rxd8 19. Rd1 Rxd1+ 20. Nxd1 Ne4 21. Bd5 Nc3 22. Nxc3 Bxc3 23. Kf2 e6 24. Bc4 Kf8 25. Kf3 Ke7 26. Bb5 f5 27. Ba6 Kf6 28. Bc8 h5 29. Bd7 g5 30. e4 g4+ 31. Ke3 Ke5 32. exf5 exf5 33. hxg4 hxg4 34. Ke2 Bb4 35. Bc8 Kf4 36. Bd7 Kg5 37. Bc8 f4 38. Bd7 Kh4 39. Kf1 Kg3 40.
Bc8 a5 41. Bd7 f3 42. gxf3 gxf3 43. Bc6 Kf4 44. Bb7 Ke3 45. Bc6 Bc5 46. Bb7 f2 47. Bd5 Kd2 48. a4 Kc3 49. Bc4 Kb4 50. Ke2 Bb6 51.
Kf1 Bc5 52. Ke2 Bb6 53. Kf1 Bc5 1/2-1/2

[Event "Late-Titled-Tuesday-Blitz-March-19-2024"]
[Site "Chess.com"]
[Date "2024.03.19"]
[Round "10"]
[White "Cluke86"]
[Black "DrCeltic"]
[Result "1-0"]
[WhiteElo "2346"]
[BlackElo "2549"]
[TimeControl "180+1"]
[EndTime "15:52:01 PDT"]
[Termination "Cluke86 won by resignation"]

1. e4 c5 2. Nc3 a6 3. Nge2 e6 4. g3 Nc6 5. Bg2 Nf6 6. O-O d6 7. Re1 e5 8. a4 Be7 9. d3 h6 10. h3 O-O 11. f4 Nd4 12. f5 Bd7 13. Be3 Bc6 14. a5 b6 15. axb6 Qxb6 16. b3 a5 17. Na4 Bxa4 18. Rxa4 Nh7 19. h4 Nf6 20. Nc3 Nb5 21.
Nd5 Nxd5 22. exd5 Nd4 23. Qg4 Kh8 24. Qh5 Kh7 25. Be4 Bf6 26. Re2 Nxe2+ 27. Qxe2 Qd8 28. Qh5 Qe7 29. g4 Bxh4 30. f6+ g6 31. Qxh6+ 1-0

[Event "Late-Titled-Tuesday-Blitz-March-19-2024"]
[Site "Chess.com"]
[Date "2024.03.19"]
[Round "10"]
[White "cukricek"]
[Black "AndresDelgado77"]
[Result "1-0"]
[WhiteElo "2476"]
[BlackElo "2329"]
[TimeControl "180+1"]
[EndTime "15:52:05 PDT"]
[Termination "cukricek won on time"]

1. g3 d5 2. Nf3 Nf6 3. Bg2 c6 4.
O-O Bf5 5. d3 h6 6. Nc3 e6 7.
Nd2 Nbd7 8. e4 Bh7 9. f4 Qb6+ 10. Kh1 h5 11. Qe2 Ng4 12. Nb3 dxe4 13. dxe4 O-O-O 14. a4 a5 15. h3 Bg6 16. f5 exf5 17. exf5 Bh7 18. hxg4 hxg4 19. Be3 Qb4 20. Kg1 Re8 21. Rf4 Qe7 22. Re4 Qd8 23. Rxe8 Qxe8 24. Bf4 Bb4 25. Re1 Qxe2 26. Rxe2 Bxf5 27. Nd4 Bc5 28. Be3 Re8 29. Nxf5 g6 30. Bxc5 Rxe2 31. Nxe2 Nxc5 32. Nd6+ 1-0

[Event "Late-Titled-Tuesday-Blitz-March-19-2024"]
[Site "Chess.com"]
[Date "2024.03.19"]
[Round "10"]
[White "GlavkonVVS"]
[Black "norwaytoadog"]
[Result "1-0"]
[WhiteElo "2649"]
[BlackElo "2358"]
[TimeControl "180+1"]
[EndTime "15:52:14 PDT"]
[Termination "GlavkonVVS won by resignation"]

1. c4 e5 2. Nc3 Nf6 3. g3 Bb4 4. Bg2 Bxc3 5. bxc3 O-O 6. Nf3 Re8 7.
O-O Nc6 8. d3 d6 9. Rb1 e4 10.
Nd4 exd3 11. exd3 Nxd4 12. cxd4 d5 13. Bg5 h6 14. Bxf6 Qxf6 15. cxd5 Qxd4 16. Qc2 Re7 17. Rfe1 Rxe1+ 18. Rxe1 Bf5 19. Qxc7 Rc8 20. Qf4 Qxd3 21. Bf1 Qc2 22. g4 Bg6 23. d6 Rd8 24. h4 Qc5 25.
h5 Bh7 26. Re7 Qd5 27. Bc4 Qd1+ 28. Kh2 Qa1 29. Qxf7+ Kh8 30. Re8+ Rxe8 31. Qxe8+ 1-0

[Event "Late-Titled-Tuesday-Blitz-March-19-2024"]
[Site "Chess.com"]
[Date "2024.03.19"]
[Round "10"]
[White "Bkmzzzzz"]
[Black "simaopdias"]
[Result "0-1"]
[WhiteElo "2376"]
[BlackElo "2288"]
[TimeControl "180+1"]
[EndTime "15:52:15 PDT"]
[Termination "simaopdias won on time"]

1. e4 c5 2. Nf3 g6 3. c3 Bg7 4.
d4 cxd4 5. cxd4 d5 6. e5 Nh6 7.
Bb5+ Nc6 8. O-O O-O 9. h3 e6 10. b3 Ne7 11. Ba3 f6 12. Re1 a6 13. Bd3 Rf7 14. Qd2 Nhf5 15. Nc3 Nc6 16. Bxf5 gxf5 17.
Re2 b5 18. Bc5 Kh8 19. exf6 Bxf6 20. Rae1 Rg7 21. g3 Qc7 22. Kh2 Bd7 23. Qh6 Rg6 24.
Qd2 Rag8 25. a3 Na5 26. Qc2 f4 27. g4 Nc6 28. b4 Qd8 29. Qd3 h5 30. gxh5 Rg2+ 31.
Kh1 Qe8 0-1

[Event "Late-Titled-Tuesday-Blitz-March-19-2024"]
[Site "Chess.com"]
[Date "2024.03.19"]
[Round "10"]
[White "Tugrik1969"]
[Black "chessamical"]
[Result "1-0"]
[WhiteElo "2386"]
[BlackElo "2263"]
[TimeControl "180+1"]
[EndTime "15:52:16 PDT"]
[Termination "Tugrik1969 won by resignation"]

1. d4 Nf6 2. c4 e6 3. Nf3 c5 4. d5 exd5 5. cxd5 d6 6. Nc3 g6 7. h3 Bg7 8. e4 O-O 9. Bd3 b5 10. Nxb5 Nxe4 11. O-O a6 12. Na3 Nf6 13. Nc4 Ra7 14.
Bf4 Rd7 15. Bc2 Bb7 16. Ba4 Nxd5 17. Bg5 f6 18. Bxd7 Qxd7 19. Bd2 Nc6 20. Bh6 Nd4 21.
Bxg7 Kxg7 22. Nxd4 cxd4 23. Qxd4 Qc6 24. f3 Rc8 25.
Rac1 Qc5 26. Qxc5 Rxc5 1-0

[Event "Late-Titled-Tuesday-Blitz-March-19-2024"]
[Site "Chess.com"]
[Date "2024.03.19"]
[Round "10"]
[White "wild3000"]
[Black "jaramsdal"]
[Result "1-0"]
[WhiteElo "2434"]
[BlackElo "2277"]
[TimeControl "180+1"]
[EndTime "15:52:20 PDT"]
[Termination "wild3000 won by resignation"]

1. a4 e5 2. h4 d5 3. a5 Nf6 4. h5 h6 5. Nf3 Bd6 6. d4 e4 7. Ne5 Qe7 8. Bf4 Nbd7 9. Nxd7 Bxd7 10. Bxd6 Qxd6 11. e3 Qb4+ 12. Nd2 Qxb2 13. c4 O-O 14. Be2 dxc4 15. Bxc4 Bg4 16. Qc1 Qxc1+ 17. Rxc1 Rac8 18. Rh4 Bxh5 19. Nxe4 Nxe4 20. Rxh5 c5 21. Re5 Rfe8 22.
Bd5 Nd6 23. Rxe8+ Rxe8 24. Rxc5 b6 25. axb6 axb6 26. Rc7 g6 27. Rd7 Nf5 28. Bxf7+ Kh8 29. Bxe8 1-0

[Event "Late-Titled-Tuesday-Blitz-March-19-2024"]
[Site "Chess.com"]
[Date "2024.03.19"]
[Round "10"]
[White "Kavyev_Ruslan"]
[Black "Burgsvik"]
[Result "0-1"]
[WhiteElo "2432"]
[BlackElo "2297"]
[TimeControl "180+1"]
[EndTime "15:52:25 PDT"]
[Termination "Burgsvik won by resignation"]

1. d4 c5 2. d5 d6 3. Nc3 g6 4. e4 Bg7 5. Nf3 Na6 6. Bb5+ Bd7 7. a4 Nc7 8. Qe2 Nf6 9. O-O O-O 10. Bf4 a6 11. Bxd7 Nxd7 12. e5 dxe5 13. Nxe5 Nxe5 14.
Bxe5 Nxd5 15. Bxg7 Kxg7 16. Nxd5 Qxd5 17. Qxe7 Rfe8 18. Qh4 Rad8 19. Rfe1 Rxe1+ 20. Rxe1 Qd4 21. Qxd4+ Rxd4 22. b3 c4 23. Kf1 cxb3 24. cxb3 Rd3 25. Re3 Rxe3 26. fxe3 Kf6 27. Ke2 Ke5 28. Kd3 f5 29. b4 b5 30. axb5 axb5 31. Kc3 Ke4 32. Kd2 g5 33. Ke2 h5 34. Kd2 h4 35. g3 h3 36. Ke2 g4 37. Kd2 Kf3 38. Kd3 Kg2 39. Kd4 Kxh2 40. Ke5 Kxg3 41. Kxf5 h2 42. e4 h1=Q 43.
e5 Qb1+ 44. Kf6 Qxb4 45. e6 Qf4+ 46. Kg6 b4 47. e7 Qe4+ 48. Kf7 b3 0-1

[Event "Late-Titled-Tuesday-Blitz-March-19-2024"]
[Site "Chess.com"]
[Date "2024.03.19"]
[Round "10"]
[White "kingofthenil"]
[Black "albi1999"]
[Result "1-0"]
[WhiteElo "2787"]
[BlackElo "2617"]
[TimeControl "180+1"]
[EndTime "15:52:29 PDT"]
[Termination "kingofthenil won on time"]

1. e4 c5 2. d3 Nc6 3. g3 g6 4. Bg2 Bg7 5. f4 e6 6. Nf3 Nge7 7.
O-O O-O 8. c3 d6 9. Be3 f5 10.
Nbd2 b6 11. Re1 h6 12. Bf2 Ba6 13. Qc2 Rc8 14. exf5 exf5 15. Re6 Qd7 16. Rae1 Rce8 17. Nc4 d5 18. Nd6 Rd8 19. Nh4 Rf6 20. Qe2 Rxe6 21. Qxe6+ Qxe6 22. Rxe6 Bxd3 23. Nxg6 Nxg6 24. Rxg6 Na5 25.
Bxd5+ Kh7 26. Re6 Bf8 27. b4 cxb4 28. cxb4 Rxd6 29. Rxd6 Bxd6 30. bxa5 bxa5 31. Bxa7 Kg6 32. Bd4 a4 33. Kf2 a3 34. Ke3 Bb1 35. Bb6 h5 36.
Kd4 Bb4 37. Bc5 Be1 38. Bxa3 h4 39. gxh4 Bxh4 40. Bd6 Bf2+ 41. Kc3 Bg1 42. a4 Bxh2 43. a5 Bg1 44. Be5 Ba7 45. a6 1-0

[Event "Late-Titled-Tuesday-Blitz-March-19-2024"]
[Site "Chess.com"]
[Date "2024.03.19"]
[Round "10"]
[White "bitter-cikolata"]
[Black "Yurovskykh_Oleksandr"]
[Result "0-1"]
[WhiteElo "2508"]
[BlackElo "2593"]
[TimeControl "180+1"]
[EndTime "15:52:31 PDT"]
[Termination "Yurovskykh_Oleksandr won by checkmate"]

1. e4 e6 2. d4 d5 3. Nd2 dxe4 4. Nxe4 Bd7 5. Nf3 Bc6 6. Neg5 Bd6 7. Bd3 Nf6 8. Qe2 O-O 9. c3 Nbd7 10. O-O h6 11.
Ne4 Nxe4 12. Bxe4 Bxe4 13. Qxe4 c6 14. Re1 Qc7 15. Qh4 Rfe8 16. Bxh6 gxh6 17. Qxh6 Bf8 18. Qh4 Bg7 19. Re4 Nf6 20. Rf4 Qe7 21. Ng5 Rad8 22. Re1 Rd5 23. Re3 Rxg5 24. Qxg5 Nd5 25.
Qg4 Nxf4 26. Qxf4 Qf6 27. Qc7 Qe7 28. Qf4 Rd8 29. Rg3 a6 30. h4 Rd5 31. Qg4 Qf6 32.
h5 Kh7 33. Qe4+ Qf5 34. Qh4 Bf6 35. Qh2 Qb1# 0-1

[Event "Late-Titled-Tuesday-Blitz-March-19-2024"]
[Site "Chess.com"]
[Date "2024.03.19"]
[Round "10"]
[White "Mikasinski"]
[Black "ATM622"]
[Result "1-0"]
[WhiteElo "2649"]
[BlackElo "2517"]
[TimeControl "180+1"]
[EndTime "15:52:37 PDT"]
[Termination "Mikasinski won by checkmate"]

1. e4 c6 2. d4 d5 3. e5 Bf5 4. h4 h5 5. Bg5 Qb6 6. Bd3 Bxd3 7.
Qxd3 Qxb2 8. e6 Qxa1 9. Qb3 fxe6 10.
Qxb7 Qxd4 11. Be3 Qe5 12. Nf3 Qd6 13. Qxa8 Nf6 14. Bxa7 Nd7 15. O-O g6 16. Nbd2 Bh6 17. Rd1 O-O 18. Ne4 Qf4 19. Neg5 Bxg5 20. Nxg5 Qxh4 21.
Nxe6 Rf6 22. Re1 Qb4 23. Re3 Qb1+ 24. Kh2 Qb2 25. Bd4 Qb5 26. Bxf6 Nxf6 27. Nd4 Ng4+ 28.
Kh3 Nxf2+ 29. Kg3 Qf1 30. Qxb8+ Kh7 31. Rxe7+ Kh6 32. Qf4+ g5 33. Qf6# 1-0

[Event "Late-Titled-Tuesday-Blitz-March-19-2024"]
[Site "Chess.com"]
[Date "2024.03.19"]
[Round "10"]
[White "ChristopherYoo"]
[Black "GoltsevDmitry2000"]
[Result "0-1"]
[WhiteElo "2953"]
[BlackElo "2801"]
[TimeControl "180+1"]
[EndTime "15:52:38 PDT"]
[Termination "GoltsevDmitry2000 won by checkmate"]

1. e4 e6 2. d4 d5 3. Nc3 Nf6 4. Bg5 Be7 5. e5 Nfd7 6. h4 h6 7. Bxe7 Qxe7 8. Qd2 a6 9. f4 c5 10. Nf3 Nc6 11. Ne2 b5 12. c3 Nb6 13. Ng3 cxd4 14. cxd4 Qb4 15. Qxb4 Nxb4 16. Kf2 Bd7 17. a3 Nc6 18. Bd3 h5 19. Rhc1 g6 20. Rc2 Ke7 21. Rac1 Na5 22. Ne2 Rhc8 23. Rxc8 Rxc8 24. Rxc8 Bxc8 25.
Nc3 Nbc4 26. Nd1 Bb7 27. Bc2 Nc6 28. Ke2 a5 29. Bd3 Nb8 30. Nc3 Bc6 31. Nd2 Nd7 32.
Nd1 Ndb6 33. Nb3 Na4 34. g3 Kd7 35. Bxc4 dxc4 36. Nxa5 Bd5 37. Kd2 Kc7 38. Nc3 Nxb2 39. Nxd5+ exd5 40. Kc3 Na4+ 41. Kb4 Kb6 42. g4 hxg4 43.
h5 g3 44. hxg6 g2 45. gxf7 g1=Q 46. Nxc4+ dxc4 47. f8=Q Qe1# 0-1

[Event "Late-Titled-Tuesday-Blitz-March-19-2024"]
[Site "Chess.com"]
[Date "2024.03.19"]
[Round "10"]
[White "Rawnsdale"]
[Black "only_strong_moves"]
[Result "1-0"]
[WhiteElo "2557"]
[BlackElo "2645"]
[TimeControl "180+1"]
[EndTime "15:52:42 PDT"]
[Termination "Rawnsdale won by resignation"]

1. e4 a6 2. d4 b5 3. a4 b4 4. Nf3 e6 5. Bd3 Bb7 6. O-O Nf6 7. Re1 Be7 8. Bf4 d6 9. Nbd2 Nbd7 10. Nc4 d5 11. Na5 Qc8 12. Nxb7 Qxb7 13. e5 Ne4 14. Bxe4 dxe4 15. Nd2 Nb6 16. Nxe4 Rd8 17. Qf3 Qd5 18. c3 O-O 19. a5 Nc4 20. b3 Nb2 21. Qe2 Qxb3 22.
Qg4 Nd3 23. Bh6 g6 24. Re3 Qb2 25. Rf1 Nc1 26. Qf3 bxc3 27. Nf6+ Kh8 28. Re4 Nb3 29.
Rh4 Nxd4 30. Bg7+ 1-0

[Event "Late-Titled-Tuesday-Blitz-March-19-2024"]
[Site "Chess.com"]
[Date "2024.03.19"]
[Round "10"]
[White "lluiss"]
[Black "inagreV"]
[Result "0-1"]
[WhiteElo "2270"]
[BlackElo "2396"]
[TimeControl "180+1"]
[EndTime "15:52:42 PDT"]
[Termination "inagreV won on time"]

1. Nf3 c5 2. c4 g6 3. d4 cxd4 4.
Nxd4 Nc6 5. e4 Bg7 6. Be3 Nf6 7. Nc3 O-O 8. Be2 d6 9. O-O Bd7 10. f3 Nxd4 11. Bxd4 a5 12. b3 Bc6 13. Qd2 Nd7 14. Be3 Nc5 15. Rab1 Qb6 16. Rfc1 Rfc8 17. Qc2 Qb4 18. Qb2 a4 19. Qc2 axb3 20. axb3 Ra3 21. Bd1 Rca8 22. Bd2 Qb6 23. Be3 Qa5 24.
Bd2 Qc7 25. Qb2 Ne6 26. Ra1 Qb6+ 27. Kh1 Qf2 28. Be2 Rxa1 29. Rxa1 Rxa1+ 30. Qxa1 Bxc3 31. Bxc3 Qxe2 32. Qa8+ Nf8 33. h3 Qd3 34. Ba1 Qxb3 35. Kh2 Qxc4 0-1

[Event "Late-Titled-Tuesday-Blitz-March-19-2024"]
[Site "Chess.com"]
[Date "2024.03.19"]
[Round "10"]
[White "tarno17"]
[Black "cthake"]
[Result "1-0"]
[WhiteElo "2185"]
[BlackElo "1830"]
[TimeControl "180+1"]
[EndTime "15:52:47 PDT"]
[Termination "tarno17 won by checkmate"]

1. e4 c5 2. Nf3 Nc6 3. Bb5 d6 4. O-O a6 5. Bxc6+ bxc6 6. d3 e5 7. Nc3 Nf6 8. Ne2 Be7 9. Ng3 O-O 10. h3 Be6 11. Ng5 Rb8 12. Nxe6 fxe6 13. f4 exf4 14.
Bxf4 e5 15. Bc1 a5 16. b3 g6 17. Bh6 Rf7 18. Qd2 Bf8 19. Bg5 Be7 20. Rf2 Qb6 21. Raf1 Rbf8 22. Bh6 Re8 23. Kh1 Qb4 24. Qe2 Qc3 25. Rf3 Bf8 26. Bg5 Bg7 27. Bxf6 Rxf6 28. Rxf6 Bxf6 29. Rxf6 Qa1+ 30. Kh2 Qxa2 31. Rxd6 a4 32.
bxa4 Qxa4 33. Qg4 Qxc2 34. Nf5 c4 35. Rxg6+ hxg6 36. Qxg6+ Kf8 37. Qg7# 1-0

[Event "Late-Titled-Tuesday-Blitz-March-19-2024"]
[Site "Chess.com"]
[Date "2024.03.19"]
[Round "10"]
[White "kriscacco"]
[Black "1g60-1"]
[Result "1-0"]
[WhiteElo "2138"]
[BlackElo "2362"]
[TimeControl "180+1"]
[EndTime "15:52:51 PDT"]
[Termination "kriscacco won by resignation"]

1. d4 e6 2. Nf3 f5 3. g3 Nf6 4. Bg2 Be7 5. O-O O-O 6. b3 a5 7. Bb2 a4 8. Nbd2 a3 9. Bc1 d6 10. Nc4 d5 11. Nce5 Ne4 12. c4 c6 13.
e3 Nd7 14. Qc2 Nxe5 15. Nxe5 Bd7 16. f3 Nf6 17. Nd3 Be8 18. c5 b6 19. b4 Nd7 20.
Rb1 bxc5 21. bxc5 e5 22. dxe5 Qa5 23. Bd2 Qa7 24. Rfc1 f4 25. exf4 Bg6 26. Be3 Rfd8 27. Bd4 Qa6 28. Bf1 Rab8 29. Qc3 Qa4 30. Rb3 Rxb3 31.
axb3 Qa7 32. b4 a2 33. Ra1 Nf8 34. Nc1 Bb1 35. Bd3 Bxd3 36. Qxd3 Ne6 37. Rxa2 Qb7 38. Qc3 Ra8 39. Rxa8+ Qxa8 40. Kg2 Qa4 41. Bf2 Qd1 42. Nb3 h5 43. h4 g6 44. Nd4 Ng7 45. Nxc6 Bf8 46. Qd4 Qc2 47. Qxd5+ Kh7 48. Qe4 Qd2 49. e6 Nf5 50. e7 Bxe7 51. Nxe7 1-0

[Event "Late-Titled-Tuesday-Blitz-March-19-2024"]
[Site "Chess.com"]
[Date "2024.03.19"]
[Round "10"]
[White "Inepton_Fermion"]
[Black "tylityli"]
[Result "1-0"]
[WhiteElo "2456"]
[BlackElo "2318"]
[TimeControl "180+1"]
[EndTime "15:52:52 PDT"]
[Termination "Inepton_Fermion won on time"]

1. d4 Nf6 2. Nc3 d5 3. Bg5 Nbd7 4. Nf3 e6 5. e4 dxe4 6. Nxe4 Be7 7. Nxf6+ Nxf6 8. Bd3 h6 9. Bh4 c5 10. dxc5 Bxc5 11. O-O a6 12. Qe2 O-O 13. Rad1 Bd7 14. Ne5 g5 15. Bg3 Qe7 16. Rfe1 Rad8 17. a3 Kg7 18. b4 Ba7 19. c4 Be8 20. h4 Bd4 21.
hxg5 hxg5 22. Nf3 Nh5 23. Nxd4 Nxg3 24. Qe5+ Qf6 25. Nxe6+ fxe6 26. Qxg3 Rd4 27. Re5 1-0

[Event "Late-Titled-Tuesday-Blitz-March-19-2024"]
[Site "Chess.com"]
[Date "2024.03.19"]
[Round "10"]
[White "MagnusCarlsen"]
[Black "Oleksandr_Bortnyk"]
[Result "1-0"]
[WhiteElo "3268"]
[BlackElo "3089"]
[TimeControl "180+1"]
[EndTime "15:52:53 PDT"]
[Termination "MagnusCarlsen won by resignation"]

1. d4 Nf6 2. Bf4 d6 3. Nf3 b6 4. c4 Bb7 5. Nc3 e6 6. d5 e5 7. Bd2 Be7 8. e4 a5 9. Be2 Na6 10. O-O Nc5 11. Qc2 O-O 12. Rfe1 Bc8 13. b3 Bg4 14. Be3 Bxf3 15. Bxf3 Nfd7 16. Nb5 Na6 17. Bg4 Ndc5 18. a3 Bg5 19. Rab1 Bxe3 20. Rxe3 Qh4 21.
Qe2 a4 22. g3 Qe7 23. b4 Nb3 24. Rd1 g6 25. h4 f5 26. exf5 gxf5 27. Bxf5 Kh8 28. Bc2 Rf7 29. Rf3 Rg7 30. Kh2 Rag8 31. Rf5 Nb8 32. Qf3 Nd4 33. Nxd4 exd4 34. Bxa4 Rg4 35.
Rf4 R4g7 36. Qe4 Qd8 37. Qxd4 Nd7 38. Bxd7 Qxd7 39. Re1 Qd8 40. Rf7 c5 41. dxc6 1-0

[Event "Late-Titled-Tuesday-Blitz-March-19-2024"]
[Site "Chess.com"]
[Date "2024.03.19"]
[Round "10"]
[White "Keks2017"]
[Black "Schattman"]
[Result "1/2-1/2"]
[WhiteElo "2572"]
[BlackElo "2509"]
[TimeControl "180+1"]
[EndTime "15:52:53 PDT"]
[Termination "Game drawn by agreement"]

1. e4 c6 2. d3 d5 3. Nd2 e5 4. Ngf3 Bd6 5. g3 Nf6 6. Bg2 O-O 7. O-O Re8 8. b3 dxe4 9. dxe4 Qe7 10. Bb2 Bg4 11. h3 Bxf3 12. Qxf3 Ba3 13. Bxa3 Qxa3 14.
Nc4 Qe7 15. Rad1 Na6 16. Nd6 Red8 17. Nf5 Qe6 18. Rxd8+ Rxd8 19. Rd1 Rd7 20. Bf1 Nc5 21. Bc4 Rxd1+ 22. Qxd1 Qd7 23. Qxd7 Nfxd7 24. f3 Nb6 25. Be2 Kf8 26. Kf2 Nc8 27. Ne3 f6 28. Nc4 Ke7 29. Ke3 Nd6 30. Nd2 Ne6 31. c3 b6 32. b4 c5 33. a3 g6 34. h4 f5 35. exf5 gxf5 36. f4 exf4+ 37. gxf4 Kf6 38. Bf3 h6 39. Bd5 Nc7 40. Bc6 Ncb5 1/2-1/2

[Event "Late-Titled-Tuesday-Blitz-March-19-2024"]
[Site "Chess.com"]
[Date "2024.03.19"]
[Round "10"]
[White "Godzillator"]
[Black "Kostukov_Alex"]
[Result "1-0"]
[WhiteElo "2408"]
[BlackElo "2284"]
[TimeControl "180+1"]
[EndTime "15:52:55 PDT"]
[Termination "Godzillator won on time"]

1. c4 g6 2. Nc3 c5 3. g3 Bg7 4.
Bg2 Nf6 5. Nf3 O-O 6. O-O Nc6 7. e3 d5 8. d3 dxc4 9. dxc4 Be6 10. Nd2 Rc8 11. b3 Ng4 12. Bb2 Nge5 13. Nd5 b6 14. Rb1 Nb4 15. a3 Nxd5 16. cxd5 Bxd5 17. Ne4 Bc6 18.
Qc2 Qd3 19. Qxd3 Nxd3 20. Bxg7 Kxg7 21. Rfd1 Ne5 22. f4 Ng4 23. Re1 Rfd8 24. h3 Bxe4 25.
Bxe4 Nf6 26. Bf3 Rd3 27. Kf2 Rcd8 28. e4 Rc3 29. Re3 Rd2+ 30. Be2 Rcc2 31. b4 c4 32. Kf3 e5 33. a4 exf4 34. gxf4 a6 35. b5 a5 36. Rd1 Rxd1 37. Bxd1 Ra2 38. Rc3 Nd7 39. Rxc4 Nc5 40. e5 Ra3+ 41. Kg4 h6 42. f5 h5+ 43.
Kf4 1-0

[Event "Late-Titled-Tuesday-Blitz-March-19-2024"]
[Site "Chess.com"]
[Date "2024.03.19"]
[Round "10"]
[White "BardArtem"]
[Black "RantomOpening"]
[Result "1-0"]
[WhiteElo "2754"]
[BlackElo "2611"]
[TimeControl "180+1"]
[EndTime "15:52:58 PDT"]
[Termination "BardArtem won by resignation"]

1. e4 c5 2. d4 cxd4 3. Qxd4 Nc6 4. Qd3 Nf6 5. Nc3 e6 6. Bf4 Bb4 7. O-O-O d5 8. exd5 exd5 9. Nxd5 Nxd5 10. Qxd5 Qxd5 11. Rxd5 Be6 12. Rb5 O-O-O 13. a3 a6 14. Rxb4 Nxb4 15. axb4 Rhe8 16. Nf3 f6 17. Bd3 g5 18. Be3 h5 19.
Nd4 Bd5 20. Rg1 h4 21. Nf5 Kb8 22. Bd4 Be4 23. Bxe4 Rxe4 24. Rd1 Rf4 25. Be5+ fxe5 26. Rxd8+ Kc7 27. Rf8 Rxf2 28. Rf7+ Kb6 29. Nd6 Rxg2 30. Nc4+ Kc6 31. Nxe5+ Kd5 32. Nf3 Rf2 33. Nxg5 Rxh2 34. Rh7 Rh1+ 35. Kd2 b5 36. Nf3 h3 37. Rh5+ Kc4 38. Rh4+ Kd5 39. Ng5 h2 40. Nf3 Rb1 41.
Rxh2 Rxb2 42. Kc3 Ra2 43. Rh5+ Kc6 44. Nd4+ Kb7 45. Nb3 Kc7 46. Rh1 Kb6 47. Ra1 Rxa1 48. Nxa1 a5 49. bxa5+ Kxa5 50. Nb3+ Ka4 51. Kb2 Kb4 52.
Nc1 Kc4 53. Na2 b4 54. Nc1 b3 55. cxb3+ Kb4 56. Na2+ Ka5 57. Ka3 Kb5 58. b4 Kc4 59.
Ka4 Kd5 60. b5 Kd6 61. Ka5 Kc7 62. Ka6 Kb8 63. Kb6 Ka8 64. Kc7 Ka7 65. b6+ Ka8 66. b7+ Ka7 67. b8=Q+ 1-0

[Event "Late-Titled-Tuesday-Blitz-March-19-2024"]
[Site "Chess.com"]
[Date "2024.03.19"]
[Round "10"]
[White "angelgab3"]
[Black "Payyappat"]
[Result "0-1"]
[WhiteElo "2618"]
[BlackElo "2528"]
[TimeControl "180+1"]
[EndTime "15:53:03 PDT"]
[Termination "Payyappat won by resignation"]

1. e4 c6 2. d4 d5 3. e5 Bf5 4. Nf3 e6 5. Be2 Ne7 6. O-O Ng6 7. Nbd2 Nf4 8. Nb3 Nxe2+ 9. Qxe2 Nd7 10. a4 Be7 11. a5 O-O 12. Be3 f6 13. exf6 Bxf6 14. a6 b6 15. h3 Qc7 16. c4 Rae8 17. Rfc1 Qd6 18. c5 bxc5 19. Nxc5 Nxc5 20. Rxc5 e5 21. dxe5 Bxe5 22. Rac1 Bd7 23. Nxe5 Qxe5 24. Qd2 Re6 25. Qd4 Qf5 26. b4 Rg6 27. Qh4 Qf3 28. g3 Bf5 29. Qf4 Qh5 30. h4 Be4 31. Qc7 Qf3 0-1